 Dungeon Crawl Stone Soup version 0.28.0-53-g5a82cb258f (webtiles) character file.

Game seed: 14126078825906669358

3028 pkoi the Conjurer (level 9, -3/62 HPs)
             Began as a Demigod Conjurer on May 26, 2022.
             Slain by a manticore (8 damage)
             ... on level 8 of the Dungeon.
             The game lasted 00:11:18 (12831 turns).

pkoi the Conjurer (Demigod Conjurer)               Turns: 12831, Time: 00:11:19

Health: -3/62      AC:  7    Str:  8    XL:     9   Next: 30%
Magic:  14/25      EV: 12    Int: 34    God:
Gold:   174        SH:  0    Dex: 22    Spells: 3/14 levels left

rFire   . . .      SeeInvis .   u - +3 whip of Fedhas's Fury {flame, rC+ Will+ Int+2 Dex+4}
rCold   + . .      Faith    .   (no shield)
rNeg    . . .      Spirit   .   s - +0 steam dragon scales
rPois   .          Reflect  .   m - +1 helmet
rElec   .          Harm     .   (no cloak)
rCorr   .          Rampage  .   (no gloves)
Will    +....                   (no boots)
Stlth   ++........              (no amulet)
HPRegen 0.20/turn               i - +6 ring of dexterity
MPRegen 0.19/turn               v - ring of magical power

@: spiked, very slightly contaminated
A: high MP 1, forlorn, divine attributes
a: no special abilities


You were on level 8 of the Dungeon.
You visited 2 branches of the dungeon, and saw 9 of its levels.

You collected 361 gold pieces.
You spent 187 gold pieces at shops.

Inventory:

Hand Weapons
 c - a +0 dagger
 g - a +2 dagger of flaming
 j - a +0 dagger of venom
 p - a +2 whip of flaming
 t - a +2 spear of venom
 u - the +3 whip of Fedhas's Fury (weapon) {flame, rC+ Will+ Int+2 Dex+4}
   (You bought it in a shop on level 7 of the Dungeon)

   It burns those it strikes, dealing additional fire damage.
   Int:       It affects your intelligence (+2).
   Dex:       It affects your dexterity (+4).
   rC:        It protects you from cold.
   Will:      It increases your willpower.
Missiles
 w - 2 throwing nets
Armour
 a - a +0 robe
 m - a +1 helmet (worn)
 s - +0 steam dragon scales (worn)
Jewellery
 i - a +6 ring of dexterity (left hand)
 v - a ring of magical power (right hand)
Wands
 h - a wand of flame (25)
 n - a wand of iceblast (7)
Scrolls
 e - 4 scrolls of identify
 r - a scroll of enchant armour
 x - a scroll of fog {unknown}
Potions
 b - a potion of brilliance
 d - 3 potions of haste
 f - a potion of heal wounds
 k - a potion of mutation
 l - 3 potions of flight
 o - 2 potions of curing
 q - a potion of resistance


   Skills:
 - Level 1.7 Dodging
 - Level 1.7 Stealth
 - Level 3.0 Spellcasting
 + Level 7.4 Conjurations
 + Level 7.2 Hexes
 - Level 6.0 Translocations
 - Level 3.0 Evocations


You had 3 spell levels left.
You knew the following spells:

 Your Spells              Type           Power      Damage    Failure   Level
a - Magic Dart            Conj           100%       1d8       1%          1
b - Searing Ray           Conj           100%       2d8       1%          2
c - Iskenderun's Mystic   Conj/Tloc      50%        2d11      3%          4
d - Fulminant Prism       Conj/Hex       26%        3d14      2%          4

Your spell library contained the following spells:

 Spells                   Type           Power      Damage    Failure   Level
 Slow                     Hex            100%       N/A       1%          1
 Ensorcelled Hibernation  Hex/Ice        58%        N/A       1%          2
 Dazzling Flash           Conj/Hex       100%       N/A       1%          3
 Portal Projectile        Hex/Tloc       98%        N/A       1%          3
 Mephitic Cloud           Conj/Pois/Air  21%        N/A       6%          3
 Passwall                 Tmut/Erth      4%         N/A       9%          2
 Ignite Poison            Fire/Tmut/Pois 5%         N/A       16%         3
 Swiftness                Air            5%         N/A       16%         3
 Freezing Cloud           Conj/Ice/Air   10%        6-21      50%         5
 Blade Hands              Tmut           2%         N/A       83%         5
 Excruciating Wounds      Necr           2%         N/A       83%         5


Dungeon Overview and Level Annotations

Branches:
Dungeon (8/15)             Temple (1/1) D:5
   Lair: D:8-11

Shops:
D:4 ?[*   D:7 (*


Innate Abilities, Weirdness & Mutations

You have an increased reservoir of magic. (+10% MP)
You shall have no god before yourself.
Your divine heritage dramatically boosts your attributes as you level up.


Message History

Magic restored.
You start waiting.
A manticore comes into view.
A manticore is nearby!
A manticore is nearby!
A manticore is nearby!
Casting: Iskenderun's Mystic Blast (dangerous; 3% risk of failure)
Confirm with . or Enter, or press ? or * to list all spells.
Aiming: Fulminant Prism (dangerous; 2% risk of failure)
Press: ? - help, Dir - move target You miscast Fulminant Prism.
You are very lightly contaminated with residual magic.
Nothing appears to happen.
The manticore flicks its tail.
The volley of spikes hits you!!
The barbed spikes become lodged in your body.
* * * LOW HITPOINT WARNING * * *
Casting: Fulminant Prism (dangerous; 2% risk of failure)
Confirm with . or Enter, or press ? or * to list all spells.
Aiming: Fulminant Prism (dangerous; 2% risk of failure)
Press: ? - help, Dir - move target You conjure a prism of explosive energy!
A fulminant prism comes into view.
The manticore flicks its tail.
The volley of spikes hits you!!
The barbed spikes become lodged in your body.
* * * LOW HITPOINT WARNING * * *
Unknown command.
Your fulminant prism crackles loudly.
The manticore bites you!!
* * * LOW HITPOINT WARNING * * *
The manticore barely misses you. The manticore closely misses you.
Your fulminant prism explodes!
The blast of energy engulfs the manticore!!
The manticore is severely wounded.
Casting: Fulminant Prism (dangerous; 2% risk of failure)
Confirm with . or Enter, or press ? or * to list all spells.
You miscast Iskenderun's Mystic Blast.
Nothing appears to happen.
The manticore completely misses you. The manticore claws you!
You die...

#### #<.########
##).......#
####..#####...
#...()..###
##..##....#
##...##..## ♣
###..#((.#######♣♣.♣
##....(.H@......♣
###....######..♣
##......# ..#.♣
#......#.####..
#.)....#. ....
#......!. ..<.
#...#...## ##>
......#.# ...#..


You could see a manticore.

Vanquished Creatures
  Pikel (D:4)
  Grinder (D:3)
  Sigmund (D:2)
  2 steam dragons
  A water moccasin (D:8)
  2 ice beasts
  An orc warrior (D:7)
  An ogre (D:5)
  2 centaurs
  A phantom (D:5)
  2 kobold brigands
  A lemure (D:4)
  Blork the orc (D:6)
  A bullfrog (D:6)
  3 scorpions (D:4)
  3 killer bees (D:8)
  A howler monkey (D:4)
  2 bullfrog skeletons
  2 jellies
  3 orc priests
  2 gnoll shamans (D:7)
  2 iguanas
  A centaur skeleton (D:7)
  Ijyb (D:3)
  A killer bee zombie (D:5)
  Robin (D:3)
  10 gnolls (D:7)
  4 adders
  2 white imps
  An ufetubus (D:3)
  3 dart slugs
  14 orcs
  8 ball pythons
  7 endoplasms
  A giant cockroach (D:2)
  15 goblins
  5 hobgoblins
  3 jackals (D:1)
  6 quokkas
  5 bats
  A frilled lizard (D:2)
  22 kobolds
  7 rats
154 creatures vanquished.

Vanquished Creatures (others)
  27 fulminant prisms
27 creatures vanquished.

Grand Total: 181 creatures vanquished

Notes
Turn   | Place    | Note
-------+----------+-------------------------------------------
     0 | D:1      | pkoi the Demigod Conjurer began the quest for the Orb.
     0 | D:1      | Reached XP level 1. HP: 14/14 MP: 5/5
   349 | D:1      | Reached XP level 2. HP: 20/20 MP: 0/7
  1468 | D:2      | Reached XP level 3. HP: 26/26 MP: 5/8
  1471 | D:2      | Learned a level 2 spell: Searing Ray
  1595 | D:2      | Noticed Sigmund
  1618 | D:2      | Got Plato's Guide on Malediction
  2094 | D:2      | Killed Sigmund
  2095 | D:2      | Reached XP level 4. HP: 13/33 MP: 0/9
  2095 | D:2      | Reached XP level 5. HP: 15/38 MP: 0/10
  2299 | D:2      | Learned a level 4 spell: Iskenderun's Mystic Blast
  2834 | D:3      | Noticed Robin
  2848 | D:3      | Killed Robin
  2869 | D:2      | Reached skill level 1 in Translocations
  3478 | D:3      | Noticed Ijyb
  3485 | D:3      | Killed Ijyb
  3624 | D:3      | Noticed Grinder
  3631 | D:3      | Killed Grinder
  3632 | D:3      | Reached XP level 6. HP: 45/45 MP: 1/11
  4484 | D:4      | Found Feojei Tasu's Magic Scroll Emporium.
  4536 | D:4      | Found Sesierph's Antique Armour Shop.
  4537 | D:4      | Found Lixtoamele's General Store.
  4848 | D:4      | Reached XP level 7. HP: 50/50 MP: 6/12
  5749 | D:5      | Entered Level 5 of the Dungeon
  5841 | D:5      | Noticed a blizzard demon
  6241 | D:5      | Noticed a hellwing
  6241 | D:5      | Noticed a hellwing
  6288 | D:5      | Noticed Pikel
  6333 | D:4      | Killed Pikel
  6334 | D:4      | Reached XP level 8. HP: 15/57 MP: 2/14
  6884 | D:5      | Found a staircase to the Ecumenical Temple.
  7094 | Temple   | Entered the Ecumenical Temple
  7403 | D:5      | Learned a level 4 spell: Fulminant Prism
  7715 | D:5      | Reached skill level 1 in Hexes
  9669 | D:6      | Noticed Blork the orc
  9707 | D:6      | Killed Blork the orc
 10331 | D:7      | Reached skill level 5 in Hexes
 11060 | D:7      | Reached XP level 9. HP: 62/62 MP: 3/16
 11526 | D:7      | Found Pufedagu's Antique Weapon Boutique.
 11534 | D:7      | Bought a scorched whip for 187 gold pieces
 11534 | D:7      | Identified the +3 whip of Fedhas's Fury {flame, rC+ Will+
                  | Int+2 Dex+4} (You bought it in a shop on level 7 of the
                  | Dungeon)
 12060 | D:7      | Found Ponuek's Neck Hole.
 12825 | D:8      | Noticed a manticore
 12831 | D:8      | Slain by a manticore

Illustrated notes

Levels and vault maps discovered:
D:1:      nicolae_arrival_washed_ashore, layout_rooms, feat_on_display
D:2:      layout_loops_ring, shapermc_ecumenical_altar_rom_forum, basic_altar,
          uniq_sigmund
D:3:      layout_rooms, uniq_grinder, uniq_robin, uniq_ijyb
D:4:      layout_basic, nicolae_wooded_promenade, kennysheep_generic_room_11
D:5:      layout_loops_ring, makhleb_altar_promises_db,
          mainiacjoe_overflow_tiny_flanked, minmay_temple_entry_hall, uniq_pikel
D:6:      layout_loops_ring, uniq_blork_the_orc
D:7:      layout_rooms, serial_shops, nicolae_shop_trees,
          nicolae_shop_sticking_my_neck_out
D:8:      layout_rooms, okawaru_ov_weapons_minmay, grunt_gozag_statues,
          jmf_multi_god_temple, nicolae_yredelemnul_corpse_copse,
          lair_entry_dummy, grunt_ogre_cave
Temple:   oiseaux_autumnal_temple

Skill      XL: |  1  2  3  4  5  6  7  8  9 |
---------------+----------------------------+-----
Conjurations   | 4 6 7 |  7.4
Translocations | 3 6 |  6.0
Evocations     | 2 3 |  3.0
Spellcasting   | 2 3 |  3.0
Hexes          | 6 7 |  7.2
Dodging        | |  1.7
Stealth        | |  1.7

Action                   |  1- 3 |  4- 6 |  7- 9 || total
-------------------------+-------+-------+-------++-------
Melee: Dagger            |       |     9 |     4 ||    13
 Cast: Magic Dart        |    78 |    74 |    78 ||   230
       Searing Ray       |     2 |     4 |    22 ||    28
       Iskenderun's Myst |       |       |    18 ||    18
       Fulminant Prism   |       |       |    27 ||    27
  Use: Scroll            |       |     8 |    11 ||    19
Armor: Robe              |       |     2 |     7 ||     9
       Steam dragon scal |       |       |     9 ||     9
Dodge: Dodged            |     6 |    14 |    51 ||    71
